 Dungeon Crawl Stone Soup version 0.25.0-1-g7eea58d2a3 (webtiles) character file.

Game seed: 17430297626019948026

36211 Gwenloh the Stormcaller (level 13, -7/80 HPs)
             Began as a Tengu Air Elementalist on June 13, 2020.
             Was a High Priest of Vehumet.
             Mangled by a dire elephant (34 damage)
             ... on level 6 of the Lair of Beasts on June 14, 2020.
             The game lasted 01:53:36 (18990 turns).

Gwenloh the Stormcaller (Tengu Air Elementalist)   Turns: 18990, Time: 01:53:37

Health: -7/80      AC:  9    Str:  9    XL:     13   Next: 88%
Magic:  14/35      EV: 21    Int: 19    God:    Vehumet [*****.]
Gold:   777        SH:  0    Dex: 16    Spells: 9/29 levels left

rFire    . . .     SeeInvis .   P - staff of air
rCold    . . .     Gourm    .   (no shield)
rNeg     . . .     Faith    .   Z - +3 troll leather armour {Snorg}
rPois    .         Spirit   .   a - +1 hat
rElec    +         Reflect  .   s - +0 cloak
rCorr    .         Harm     .   (no gloves)
MR       .....                  (boots unavailable)
Stlth    +++++.....             v - amulet of magic regeneration
HPRegen  0.63/turn              p - ring of magical power
MPRegen  0.49/turn              L - ring of wizardry

@: flying quickly and evasively, studying Stealth, quick
A: beak, talons 3, able to fly
a: Stop Flying, Renounce Religion


You were on level 6 of the Lair of Beasts.
You worshipped Vehumet.
Vehumet was extremely pleased with you.
You were hungry.

You visited 3 branches of the dungeon, and saw 16 of its levels.
You also visited: Bailey.

You collected 777 gold pieces.

Inventory:

Armour
 a - a +1 hat (worn)
 s - a +0 cloak (worn)
 Z - a +3 troll leather armour (worn) {Snorg}
Magical Staves
 e - an uncursed staff of conjuration
 l - an uncursed staff of cold
 P - an uncursed staff of air (weapon)
Jewellery
 m - an uncursed ring of see invisible
 p - a ring of magical power (left hand)
 v - an amulet of magic regeneration (around neck)
 y - an uncursed ring of resist corrosion
 B - a +6 ring of intelligence
 G - an uncursed amulet of guardian spirit
 L - a ring of wizardry (right hand)
 S - an uncursed ring of protection from magic
Wands
 b - a wand of digging (7)
 j - a wand of flame (8)
 D - a wand of enslavement (6)
 F - a wand of polymorph (18)
 I - a wand of clouds (5)
 J - a wand of acid (18)
 Y - a wand of random effects (16)
Scrolls
 d - 5 scrolls of teleportation
 h - a scroll of identify
 u - a scroll of fear
 x - 8 scrolls of remove curse
 E - 2 scrolls of enchant weapon
 N - 2 scrolls of vulnerability
 Q - 2 scrolls of enchant armour
 R - a scroll of immolation {unknown}
 U - 2 scrolls of amnesia
 V - 2 scrolls of torment {unknown}
Potions
 f - 4 potions of heal wounds
 g - a potion of haste
 i - a potion of invisibility
 k - 5 potions of brilliance
 o - a potion of berserk rage
 q - 2 potions of lignification
 t - 5 potions of mutation
 C - 6 potions of curing
 M - 4 potions of magic
 O - 2 potions of might
 T - a potion of resistance
Books
 z - a manual of Stealth
Comestibles
 c - 31 rations
 r - 6 chunks of flesh


   Skills:
 + Level 9.1 Fighting
 + Level 4.1 Staves
 + Level 4.1 Armour
 - Level 9.3 Dodging
 + Level 11.2 Stealth
 + Level 8.5 Spellcasting
 + Level 11.9 Conjurations
 + Level 2.5 Fire Magic
 + Level 15.8 Air Magic


You had 9 spell levels left.
You knew the following spells:

 Your Spells              Type           Power        Failure   Level  Hunger
a - Shock                 Conj/Air       ####         1%          1    None
b - Swiftness             Chrm/Air       ######..     1%          2    None
c - Static Discharge      Conj/Air       ######..     1%          3    None
d - Airstrike             Air            #######...   1%          4    ###....
e - Lightning Bolt        Conj/Air       ######....   1%          5    #####..
f - Fireball              Conj/Fire      #####.....   2%          5    #####..

Your spell library contained the following spells:

 Spells                   Type           Power        Failure   Level  Hunger
 Freeze                   Ice            #...         1%          1    None
 Magic Dart               Conj           ####         1%          1    None
 Searing Ray              Conj           ######       1%          2    None
 Conjure Flame            Conj/Fire      #####...     1%          3    None
 Dazzling Flash           Conj/Hex       ####..       1%          3    None
 Mephitic Cloud           Conj/Pois/Air  ######..     1%          3    None
 Fulminant Prism          Conj/Hex       ####......   1%          4    ###....
 Hailstorm                Conj/Ice       ####....     1%          4    ###....
 Iskenderun's Mystic Bla  Conj/Tloc      ####....     1%          4    ###....
 Frozen Ramparts          Ice            #.....       4%          3    None
 Blink                    Tloc           N/A          8%          2    None
 Call Imp                 Summ           #.......     8%          2    None
 Slow                     Hex            #.......     8%          2    None
 Ozocubu's Armour         Chrm/Ice       #.......     14%         3    None
 Summon Ice Beast         Ice/Summ       #.......     41%         4    ###....


Dungeon Overview and Level Annotations

Branches:
Dungeon (9/15)             Temple (1/1) D:7            Lair (6/6) D:8
 Shoals (0/4) Lair:2        Snake (0/4) Lair:3        Slime (0/5) Lair:5
    Orc (0/2) D:9          Bailey (visited)

Altars:
Ashenzari
Cheibriados
Dithmenos
Elyvilon
Fedhas
Gozag
Hepliaklqana
Kikubaaqudgha
Makhleb
Nemelex Xobeh
Okawaru
Qazlal
Ru
Sif Muna
Trog
Uskayaw
Vehumet
Wu Jian
Xom
Yredelemnul
Zin
The Shining One
Beogh

Shops:
D:9 [

Annotations:
D:4 2 transporters, Menkaure


Innate Abilities, Weirdness & Mutations

You have a beak for a mouth.
You have claws for feet.
You can fly continuously.


Message History

You resist.
You are struck by an arc of lightning.
The lightning grounds out.
The dire elephant tramples you!
You are shoved backwards!
Casting: Static Discharge (safe; 1% risk of failure)
Confirm with . or Enter, or press ? or * to list all spells.
You feel a surge of power!
The dire elephant is struck by an arc of lightning.
The dire elephant is severely wounded.
You resist.
You are struck by an arc of lightning.
The dire elephant is struck by an arc of lightning!
The dire elephant is almost dead.
The lightning grounds out.
The dire elephant tramples you!!
You are shoved backwards!
Casting: Static Discharge (safe; 1% risk of failure)
Confirm with . or Enter, or press ? or * to list all spells.
You feel a surge of power!
The dire elephant is struck by an arc of lightning!
The dire elephant is almost dead.
You resist.
You are struck by an arc of lightning.
The lightning grounds out.
The dire elephant tramples you!!
You die...

### ####P..## ##. #.## #.#....#
#####.. ##.# #### #..#..## #.#P...
..## ####..#####..##.# ####......
...###.......#....P#####.........
.................######..........
..............#...##..#..........
..#..[#..#.......................
.#.###.........Y@..<......รท......
.##.##.###..###.###..###.........
..###### #### ### #### #######...
####### # ##.P ###.
##...P####.#P.. #. .......##.#...
## ......##.....# ##. #
......##.....# .... #.....#
.....#...#


You could see a dire elephant.

Vanquished Creatures
  Gastronok (D:8)
  Snorg (Lair:3)
  2 hydras
  2 death yaks (Lair:6)
  Urug (Lair:3)
  A lindwurm (Lair:6)
  Pikel (D:9)
  A cyclops (D:8)
  4 oklob plants (Lair:3)
  2 manticores
  The ghost of DevastatorOne the Cleaver, a novice HOFi of Elyvilon (D:6)
  12 elephants
  6 black mambas
  8 spiny frogs
  8 komodo dragons
  3 slime creatures (Lair:5)
  13 blink frogs
  7 hippogriffs
  5 dream sheep (Lair:3)
  Eustachio (D:5)
  A wyvern (D:9)
  12 yaks
  Grum (D:9)
  6 nagas (Lair:3)
  10 water moccasins
  9 porcupines
  2 ice beasts
  A slave (D:9)
  4 orc warriors
  A black bear (D:9)
  3 sky beasts
  4 ogres
  A phantom (D:5)
  3 necrophages (D:9)
  16 wolves
  3 centaurs
  9 crocodiles
  9 bullfrogs
  2 big kobolds (D:9)
  A wyvern zombie (D:6)
  4 scorpions
  A water moccasin skeleton (D:6)
  3 killer bees (D:8)
  3 howler monkeys
  An electric eel (Lair:3)
  5 crimson imps
  A bullfrog zombie (D:6)
  2 hounds
  A centaur zombie (D:5)
  2 centaur skeletons
  4 jellies
  5 orc priests
  Crazy Yiuf (D:2)
  A bullfrog skeleton (D:5)
  3 iguanas
  Ijyb (D:3)
  Natasha (twice) (D:3)
  3 orc wizards
  7 hell rats (Lair:5)
  4 worker ants
  A killer bee zombie (D:9)
  8 adders
  13 gnolls (Bailey)
  3 shadow imps
  2 adder skeletons
  4 leopard geckos
  25 orcs
  2 bats
  7 giant cockroaches
  5 goblins
  12 hobgoblins
  13 jackals
  6 quokkas
  3 frilled lizards
  A jackal skeleton (D:9)
  21 kobolds
  A quokka skeleton (D:9)
  7 rats
  2 plants
368 creatures vanquished.

Vanquished Creatures (others)
  3 slaves (D:9)
  2 orc wizards (D:9)
  An orc (D:9)
  3 kobolds (D:9)
  15 fungi
  6 plants
30 creatures vanquished.

Grand Total: 398 creatures vanquished

Notes
Turn   | Place    | Note
-------+----------+-------------------------------------------
     0 | D:1      | Gwenloh the Tengu Air Elementalist began the quest for the
                  | Orb.
     0 | D:1      | Reached XP level 1. HP: 10/10 MP: 4/4
   555 | D:1      | Reached XP level 2. HP: 15/15 MP: 3/6
   566 | D:1      | Learned a level 2 spell: Swiftness
  1217 | D:2      | Found an ornate altar of the Wu Jian Council.
  1217 | D:2      | Found an opulent altar of Gozag.
  1490 | D:2      | Reached XP level 3. HP: 12/20 MP: 0/7
  1775 | D:2      | Learned a level 3 spell: Static Discharge
  2062 | D:2      | Found a runed translucent door.
  2063 | D:2      | Noticed Crazy Yiuf
  2117 | D:2      | HP: 1/20 [Crazy Yiuf/+2 quarterstaff of chaos (6)]
  2119 | D:2      | Killed Crazy Yiuf
  2119 | D:2      | Reached skill level 1 in Fighting
  2119 | D:2      | Reached skill level 5 in Air Magic
  2119 | D:2      | Reached XP level 4. HP: 1/25 MP: 2/8
  2714 | D:3      | Noticed Natasha
  2723 | D:3      | Killed Natasha
  2723 | D:3      | Gained mutation: You can fly continuously. [Tengu growth]
  2723 | D:3      | Reached XP level 5. HP: 19/29 MP: 2/9
  2942 | D:3      | Noticed Ijyb
  2988 | D:3      | Killed Ijyb
  3575 | D:3      | Noticed Natasha
  3580 | D:3      | Killed Natasha
  3791 | D:4      | Reached XP level 6. HP: 27/35 MP: 6/11
  3882 | D:4      | Learned a level 4 spell: Airstrike
  3934 | D:4      | Noticed an ice beast
  3941 | D:4      | Killed an ice beast
  3941 | D:4      | Reached skill level 6 in Air Magic
  4123 | D:4      | Found a basalt altar of Yredelemnul.
  4125 | D:4      | Noticed Menkaure
  4127 | D:4      | Found an ancient bone altar of Kikubaaqudgha.
  4130 | D:4      | Found a transporter.
  4145 | D:4      | Found a transporter.
  4243 | D:4      | Found a white marble altar of Elyvilon.
  4511 | D:5      | Entered Level 5 of the Dungeon
  4521 | D:5      | Noticed a phantom
  4524 | D:5      | Noticed Eustachio
  4589 | D:5      | Reached XP level 7. HP: 40/40 MP: 1/12
  5055 | D:5      | Reached skill level 5 in Conjurations
  5055 | D:5      | Reached skill level 7 in Air Magic
  5450 | D:5      | Found a shimmering blue altar of Sif Muna.
  5611 | D:5      | Reached XP level 8. HP: 46/46 MP: 14/14
  6060 | D:5      | Killed Eustachio
  6060 | D:5      | Reached skill level 8 in Air Magic
  6267 | D:6      | Reached skill level 5 in Dodging
  6479 | D:6      | Reached skill level 9 in Air Magic
  6486 | D:6      | Noticed an eight-headed hydra
  6593 | D:6      | Killed an eight-headed hydra
  6593 | D:6      | Reached skill level 10 in Air Magic
  6593 | D:6      | Reached XP level 9. HP: 50/52 MP: 5/17
  6845 | D:6      | Reached skill level 5 in Spellcasting
  7096 | D:6      | Found a runed translucent gate.
  7097 | D:6      | Found a runed translucent gate.
  7098 | D:6      | Found a runed translucent gate.
  7098 | D:6      | Noticed DevastatorOne's ghost (novice HOFi)
  7104 | D:6      | Found a roughly hewn altar of Beogh.
  7248 | D:6      | Killed DevastatorOne's ghost
  7248 | D:6      | Reached skill level 5 in Fighting
  7453 | D:6      | Reached skill level 11 in Air Magic
  7453 | D:6      | Reached XP level 10. HP: 59/59 MP: 13/19
  7590 | D:7      | Found a staircase to the Ecumenical Temple.
  7604 | Temple   | Entered the Ecumenical Temple
  7748 | Temple   | Became a worshipper of Vehumet
  8565 | D:8      | Noticed Gastronok
  8645 | D:8      | Killed Gastronok
  8650 | D:8      | Noticed a cyclops
  9028 | D:8      | Reached skill level 12 in Air Magic
  9053 | D:8      | Found a staircase to the Lair.
  9075 | D:8      | Reached skill level 5 in Stealth
  9249 | D:8      | Killed a cyclops
 10069 | D:9      | Learned a level 5 spell: Lightning Bolt
 10070 | D:9      | Found a flagged portal.
 10081 | D:9      | Reached XP level 11. HP: 61/63 MP: 14/21
 10159 | D:9      | Reached * piety under Vehumet
 10159 | D:9      | Offered knowledge of Freeze by Vehumet.
 10231 | Bailey   | Entered a bailey
 10515 | Bailey   | Offered knowledge of Sandblast by Vehumet.
 10523 | Bailey   | Reached ** piety under Vehumet
 10888 | D:9      | Noticed Pikel
 10892 | D:9      | Killed Pikel
 11043 | D:9      | Found a staircase to the Orcish Mines.
 11353 | D:9      | Noticed Grum
 11358 | D:9      | Killed Grum
 11371 | D:9      | Offered knowledge of Ignite Poison by Vehumet.
 11632 | D:9      | Found Nuammy's Armour Emporium.
 11901 | D:9      | Found Nuammy's Armour Emporium.
 12183 | D:9      | Found a staircase to the Orcish Mines.
 12354 | Lair:1   | Entered Level 1 of the Lair of Beasts
 12389 | Lair:1   | Reached skill level 13 in Air Magic
 12754 | Lair:1   | Identified a scroll of acquirement
 13160 | Lair:2   | Found a bloodstained altar of Trog.
 13318 | Lair:2   | Reached *** piety under Vehumet
 13547 | Lair:2   | Noticed a four-headed hydra
 13551 | Lair:2   | Killed a four-headed hydra
 13551 | Lair:2   | Reached skill level 10 in Conjurations
 13690 | Lair:2   | Found a staircase to the Shoals.
 13690 | Lair:2   | Noticed a manticore
 13693 | Lair:2   | Killed a manticore
 13695 | Lair:2   | Reached XP level 12. HP: 72/72 MP: 20/23
 14090 | Lair:3   | Offered knowledge of Stone Arrow by Vehumet.
 14191 | Lair:3   | Noticed Snorg
 14206 | Lair:3   | Killed Snorg
 14206 | Lair:3   | Reached skill level 14 in Air Magic
 14855 | Lair:3   | Found a staircase to the Snake Pit.
 14980 | Lair:3   | Noticed Urug
 15019 | Lair:3   | Killed Urug
 15483 | Lair:3   | Reached **** piety under Vehumet
 15540 | Lair:3   | Reached skill level 1 in Armour
 15593 | Lair:3   | Reached skill level 1 in Staves
 15597 | Lair:3   | Reached skill level 15 in Air Magic
 15695 | Lair:3   | Offered knowledge of Yara's Violent Unravelling by Vehumet.
 15695 | Lair:3   | Reached XP level 13. HP: 79/79 MP: 14/25
 15783 | Lair:3   | Found a blossoming altar of Fedhas.
 15832 | Lair:3   | Reached skill level 10 in Stealth
 17113 | Lair:5   | Found the +7 Spriggan's Knife {stab, EV+4 Stlth+}
 17193 | Lair:5   | Found a shattered altar of Ashenzari.
 17439 | Lair:5   | Found a staircase to the Slime Pits.
 17777 | Lair:6   | Entered Level 6 of the Lair of Beasts
 17788 | Lair:6   | Reached ***** piety under Vehumet
 17788 | Lair:6   | Offered knowledge of Fireball by Vehumet.
 17795 | Lair:6   | Learned a level 5 spell: Fireball
 18149 | Lair:6   | Reached skill level 1 in Fire Magic
 18884 | Lair:6   | Noticed a dire elephant
 18990 | Lair:6   | Mangled by a dire elephant

Illustrated notes

Levels and vault maps discovered:
D:1:      minmay_arrival_up_and_down, layout_basic
D:2:      layout_basic, gammafunk_temple_overflow_elements,
          chequers_serial_rivers_room_b, uniq_crazy_yiuf_cottage
D:3:      layout_rooms, minmay_pentangle, uniq_natasha, uniq_ijyb
D:4:      layout_loops_cross, gammafunk_temple_of_torment, elyvilon_altar_4,
          first_ration
D:5:      layout_basic, lemuel_round_altar, minmay_manual_mullet, uniq_eustachio
D:6:      layout_rooms, biasface_ghost_orc_armoury, grunt_potential
D:7:      layout_gridville, minmay_temple_entry_large_hall, grunt_ogre_cave
D:8:      layout_layer_cave, david_lair_shrubbed, minmay_sticks_and_stones,
          uniq_gastronok
D:9:      layout_loops_cross, orc_0_dummy, serial_shops, shop, enter_bailey_2,
          evilmike_butchery, uniq_grum, uniq_pikel
Temple:   eino_temple_scatter_basement
Lair:1:   layout_cave_pods
Lair:2:   layout_gridlike, minmay_shoals_entry_beasts, basic_altar,
          chequers_serial_rivers_small_3
Lair:3:   layout_regular_city, minmay_snake_entry_guardpost_medium, basic_altar,
          lemuel_fruit_tree, serial_bayou_shore_a, infiniplex_staircase_pool,
          minmay_lair_oklob_chamber, grunt_megastairs_4, uniq_urug, uniq_snorg
Lair:4:   layout_roguey
Lair:5:   layout_regular_city, minmay_slime_entry_pillars, basic_altar
Lair:6:   hangedman_lair_in_review, layout_layer_cave

Skill      XL: |  1  2  3  4  5  6  7  8  9 10 11 12 13 |
---------------+----------------------------------------+-----
Conjurations   | 2 3 4 5 7 9 10 11 | 11.9
Fighting       | 1 2 3 4 5 6 7 8 9 |  9.1
Air Magic      | 5 6 7 10 11 12 13 15 | 15.8
Dodging        | 3 4 5 6 7 8 9 |  9.3
Spellcasting   | 3 4 5 6 7 8 |  8.5
Stealth        | 5 8 9 11 | 11.2
Armour         | 1 4 |  4.1
Staves         | 1 4 |  4.1
Fire Magic     | 2 |  2.5

Action                   |  1- 3 |  4- 6 |  7- 9 | 10-12 | 13-15 || total
-------------------------+-------+-------+-------+-------+-------++-------
Melee: Spear             |     3 |       |       |       |       ||     3
       Kick              |     1 |     3 |     3 |     3 |     2 ||    12
       Quarterstaff      |       |     7 |    17 |     2 |       ||    26
       Peck              |       |     2 |     3 |     3 |     4 ||    12
       Unarmed           |       |       |     9 |       |       ||     9
       Staff             |       |       |       |     7 |    13 ||    20
 Cast: Shock             |    49 |    76 |    82 |    79 |    12 ||   298
       Swiftness         |     1 |     2 |     1 |     2 |       ||     6
       Static Discharge  |     3 |    18 |    33 |    58 |    51 ||   163
       Airstrike         |       |     5 |    47 |   251 |   128 ||   431
       Lightning Bolt    |       |       |       |    10 |     5 ||    15
       Fireball          |       |       |       |       |     6 ||     6
 Abil: Fly               |       |       |       |     1 |       ||     1
  Use: Potion            |       |     1 |       |     4 |     1 ||     6
       Scroll            |       |       |       |    20 |     4 ||    24
 Stab: Sleeping          |       |       |     1 |       |       ||     1
  Eat: Chunk             |     4 |    11 |    11 |    42 |    20 ||    88
       Ration            |       |       |     2 |     5 |     1 ||     8
Armor: Robe              |     1 |     4 |     6 |     8 |       ||    19
       Troll leather arm |       |       |       |     5 |     5 ||    10
Dodge: Dodged            |     8 |    34 |    75 |    93 |    30 ||   240
